 Dungeon Crawl Stone Soup version 0.21-a0-273-g0785366 (webtiles) character file.

2838 RKaid the Chiller (level 9, -9/68 HPs)
             Began as a Vampire Ice Elementalist on Sept 15, 2017.
             Was a Believer of Yredelemnul.
             Killed from afar by Erica (24 damage)
             ... with an orb of energy
             ... on level 8 of the Dungeon on Sept 17, 2017.
             The game lasted 00:35:12 (14549 turns).

RKaid the Chiller (Vampire Ice Elementalist)       Turns: 14549, Time: 00:35:12

Health: -9/68      AC:  6    Str:  7    XL:     9   Next: 46%
Magic:  10/16      EV: 12    Int: 21    God:    Yredelemnul [**....]
Gold:   247        SH:  0    Dex: 14    Spells: 5/18 levels left

rFire    . . .     SeeInvis +   a - +4 dagger (flame)
rCold    + + +     Gourm    .   (no shield)
rNeg     + + .     Faith    .   w - +1 leather armour {rC+}
rPois    +         Spirit   .   f - +1 helmet
rElec    .         Reflect  .   (no cloak)
rCorr    +         Harm     .   (no gloves)
MR       .....                  (no boots)
Stlth    ++++......             (no amulet)
HPRegen  0.10/turn              m - ring of resist corrosion
MPRegen  0.15/turn              l - ring of protection from cold {rC+}

@: regenerating slowly, slowed, very slow
A: fangs 3, see invisible, unbreathing
a: Bat Form, Animate Remains, Recall Undead Slaves, Injury Mirror, Renounce
Religion


You were on level 8 of the Dungeon.
You worshipped Yredelemnul.
Yredelemnul was pleased with you.
You were thirsty.

You visited 2 branches of the dungeon, and saw 9 of its levels.

You collected 247 gold pieces.

Inventory:

Hand Weapons
 a - a +4 dagger of flaming (weapon)
   (You took it off Ijyb on level 3 of the Dungeon)
 b - a +0 hunting sling
   (You took it off a goblin on level 2 of the Dungeon)
 B - a +0 dagger of draining
   (You found it on level 8 of the Dungeon)
Missiles
 d - 25 sling bullets
 g - 2 throwing nets {=f}
 j - 141 stones (quivered)
Armour
 f - a +1 helmet (worn)
   (You took it off Robin on level 4 of the Dungeon)
 w - a +1 leather armour of cold resistance (worn)
   (You took it off an orc on level 6 of the Dungeon)
Jewellery
 l - a ring of protection from cold (right hand) {rC+}
   (You found it on level 1 of the Dungeon)
 m - a ring of resist corrosion (left hand)
   (You found it on level 1 of the Dungeon)
Wands
 c - a wand of lightning (6/15)
   (You found it on level 6 of the Dungeon)
 t - a wand of confusion (18/48)
   (You took it off Ijyb on level 3 of the Dungeon)
Scrolls
 i - 7 scrolls of identify
 k - 2 scrolls of enchant weapon
 o - 4 scrolls of remove curse
 y - a scroll of teleportation
Potions
 e - a potion of agility {unknown}
 h - 3 potions of curing
 n - a potion of mutation {unknown}
 q - 5 potions of blood {@q1}
 s - 3 potions of heal wounds
 u - a potion of cancellation {unknown}
 v - a potion of resistance {unknown}
 x - a potion of berserk rage {unknown}
 z - a potion of haste
Books
 p - the Compendium of the Lucky Escort
   (You found it on level 5 of the Dungeon)

   Spells                             Type                      Level
   a - Shroud of Golubria             Charms/Translocation         2
   b - Song of Slaying                Charms                       2
   c - Summon Ice Beast               Ice/Summoning                4
   d - Aura of Abjuration             Summoning                    5
   e - Summon Hydra                   Summoning                    7
 r - a book of Frost
 A - a book of Air
   (You found it on level 8 of the Dungeon)


   Skills:
 - Level 5.0 Fighting
 * Level 4.3 Short Blades
 - Level 2.1 Dodging
 - Level 5.0 Stealth
 - Level 5.1 Spellcasting
 + Level 4.8 Conjurations
 + Level 7.4 Ice Magic
 + Level 0.0 Invocations


You had 5 spell levels left.
You knew the following spells:

 Your Spells              Type           Power        Failure   Level  Hunger
a - Freeze                Ice            ####         1%          1    None
b - Throw Frost           Conj/Ice       ####..       1%          2    None
c - Throw Icicle          Conj/Ice       ####....     13%         4    ####...
d - Summon Ice Beast      Ice/Summ       ###.....     34%         4    ####...
A - Song of Slaying       Chrm           #.......     24%         2    None


Dungeon Overview and Level Annotations

Branches:
Dungeon (8/15)             Temple (1/1) D:4
   Lair: D:8-11

Altars:
Ashenzari
Cheibriados
Dithmenos
Elyvilon
Fedhas
Gozag
Hepliaklqana
Kikubaaqudgha
Makhleb
Nemelex Xobeh
Okawaru
Qazlal
Ru
Sif Muna
Trog
Uskayaw
Vehumet
Wu Jian
Xom
Yredelemnul
Zin
The Shining One

Annotations:
D:2 exclusion: Crazy Yiuf, Crazy Yiuf, Terence
D:3 Sigmund
D:4 Menkaure; xsansara's ghost, novice GrFi
D:7 1 exclusion
D:8 Erica


Innate Abilities, Weirdness & Mutations

You heal slowly.
You have razor-sharp teeth.
You have supernaturally acute eyesight. (SInv)
You can survive without breathing.


Message History

a mace; an orc corpse The ogre shouts!
You hit the orc. You burn the orc. The orc closely misses you.
You puncture the orc! You burn the orc.
You kill the orc!
Yredelemnul accepts your kill.
You hit the ogre. You burn the ogre. The ogre misses you.
You hit the ogre. You burn the ogre. You hit the ogre but do no damage.
The ogre hits you with a giant club!
You hit the ogre. You burn the ogre.
Casting: Freeze
Confirm with . or Enter, or press ? or * to list all spells.
Aiming: Freeze
Press: ? - help, Shift-Dir - straight line, f - ogre
Aim: an ogre, wielding a giant club (heavily wounded)
You freeze the ogre. The ogre barely misses you.
You barely miss the ogre. The ogre hits you with a giant club!
You hit the ogre. You burn the ogre. You bite the ogre.
You barely miss the ogre. The ogre hits you with a giant club.
Casting: Freeze
Confirm with . or Enter, or press ? or * to list all spells.
Aiming: Freeze
Press: ? - help, Shift-Dir - straight line, f/p - ogre
Aim: an ogre, wielding a giant club (severely wounded)
You freeze the ogre.
You kill the ogre!
Yredelemnul accepts your kill.
The orc shouts!
You are feeling thirsty.
The orc barely misses you.
Items here: )) †† a giant club; a mace; an ogre corpse; an orc corpse You hit the orc.
You burn the orc. The orc hits you with a dagger.
You hit the orc. You burn the orc.
You kill the orc!
Yredelemnul accepts your kill.
You hit the orc but do no damage. Your bite misses the orc. You hit the orc.
You burn the orc. The orc hits you but does no damage.
You hit the orc. You burn the orc.
You kill the orc!
Yredelemnul accepts your kill.
Things that are here:
a mace; a leather armour; a dagger
Items here: )) †† a giant club; a mace; an ogre corpse; an orc corpse You bottle the corpse's blood.
q - 5 potions of blood {@q1} (gained 1)
Things that are here:
a giant club; a mace; an ogre corpse You fail to use your ability.
You attempt to give life to the dead...
The dead are walking!
You feel somewhat more thirsty.
Okay, then.
You swap places.
Things that are here:
a mace; a leather armour; a dagger You start resting.
What are your orders? t - Shout!
Orders for allies: a - Attack new target. r - Retreat! s - Stop attacking. g - Guard the area. f - Follow me.
Anything else - Cancel.
Gang up on whom?
Press: ? - help, Dir - move target cursor, f - Erica
Aim: Erica, wielding a scimitar of flaming and wearing an embroidered robe (slightly transparent) Attack!
Erica hits your ogre zombie with a scimitar of flaming!
Erica burns your ogre zombie.
Erica hits your ogre zombie with a scimitar of flaming!
Erica burns your ogre zombie.
Erica hits your ogre zombie with a scimitar of flaming!
Erica burns your ogre zombie.
Your ogre zombie is destroyed!
Casting: Freeze
Confirm with . or Enter, or press ? or * to list all spells.
A chill wind blows around you. Erica casts a spell at you.
You feel yourself slow down.
Casting: Summon Ice Beast
Confirm with . or Enter, or press ? or * to list all spells.
Aiming: Throw Frost
Press: ? - help, Shift-Dir - straight line, f/p - Erica
Aim: Erica, wielding a scimitar of flaming and wearing an embroidered robe (slightly transparent)
The puff of frost hits Erica.
Erica gestures at you while chanting. The orb of energy hits you!
* * * LOW HITPOINT WARNING * * *
The orb of energy explodes!
The mystic blast hits your ice beast.
Casting: Throw Frost
Confirm with . or Enter, or press ? or * to list all spells.
Aiming: Throw Frost
Press: ? - help, Shift-Dir - straight line, f/p - Erica
Aim: Erica, wielding a scimitar of flaming and wearing an embroidered robe (lightly wounded, slightly transparent)
Okay, then.
You swap places.
Erica points at you and mumbles some strange words.
The orb of energy hits you!
You die...
Yredelemnul claims you as an undead slave.

....##.....).............
..
....##..#####.###.##....#
. ...###..# #.# #.###.###
#..# #..# #.###.##...#
#..# #..# #.#.....@..#
#..# #..#####.#.#.##...#
...# #. .....#.#@###.##
#.## #.# #..#.#.###.# #.#
#.# #....@Y))).# #.# #.#
#..#.#.#####
#.####.#####......####
...............#.....####
.........................
.........................
#####........##.#########
# ##.###...###.#
####...###.## #.#


You could see Erica (invisible) and a friendly ice beast.

Vanquished Creatures
  A hippogriff (D:8)
  2 sky beasts (D:6)
  3 ogres
  A necrophage (D:5)
  3 centaurs
  3 bullfrogs
  2 scorpions
  A water moccasin skeleton (D:5)
  3 jellies
  4 howler monkeys
  5 centaur zombies
  A bullfrog zombie (D:5)
  An orc priest (D:7)
  2 bullfrog skeletons
  2 centaur skeletons (D:4)
  5 hounds
  8 orc wizards
  Jessica (D:3)
  2 iguanas
  Ijyb (D:3)
  5 worker ants
  A hound zombie (D:8)
  A worker ant zombie (D:7)
  Robin (D:4)
  8 adders
  3 gnolls (D:7)
  A shadow imp (D:5)
  An ooze (D:2)
  2 adder skeletons
  2 worms
  3 dart slugs (D:1)
  5 leopard geckos
  20 orcs
  11 bats
  3 giant cockroaches
  10 goblins
  8 hobgoblins
  8 jackals
  4 quokkas
  4 frilled lizards
  5 kobolds
  2 leopard gecko skeletons (D:4)
  2 quokka skeletons
  2 rats (D:3)
163 creatures vanquished.

Vanquished Creatures (collateral kills)
  A hungry ghost (D:7)
  An adder (D:7)
2 creatures vanquished.

Vanquished Creatures (others)
  An ogre zombie (D:8)
  An orc zombie (D:7)
2 creatures vanquished.

Grand Total: 167 creatures vanquished

Notes
Turn   | Place    | Note
-------+----------+-------------------------------------------
     0 | D:1      | RKaid the Vampire Ice Elementalist began the quest for the Orb.
     0 | D:1      | Reached XP level 1. HP: 13/13 MP: 3/3
   406 | D:1      | Reached XP level 2. HP: 20/20 MP: 1/5
   464 | D:1      | Learned a level 2 spell: Throw Frost
   553 | D:1      | Reached skill level 1 in Fighting
  1317 | D:2      | Noticed Terence
  1380 | D:2      | Reached XP level 3. HP: 25/26 MP: 1/6
  1587 | D:2      | HP: 6/26 [poisoned by an adder]
  1595 | D:2      | HP: 6/26 [poisoned by an adder]
  2677 | D:2      | Reached XP level 4. HP: 32/33 MP: 5/8
  2897 | D:2      | Found a runed door.
  3172 | D:2      | Noticed Crazy Yiuf
  3239 | D:3      | Reached skill level 2 in Fighting
  3239 | D:3      | Reached skill level 3 in Spellcasting
  3239 | D:3      | Reached skill level 4 in Ice Magic
  3671 | D:3      | Noticed Sigmund
  3694 | D:3      | Noticed Jessica
  4008 | D:3      | Noticed Ijyb
  4225 | D:3      | Killed Ijyb
  4225 | D:3      | Reached XP level 5. HP: 21/38 MP: 1/9
  5005 | D:3      | Killed Jessica
  5005 | D:3      | Reached skill level 1 in Conjurations
  5106 | D:4      | Found a staircase to the Ecumenical Temple.
  5137 | Temple   | Entered the Ecumenical Temple
  5343 | Temple   | Upgraded the game from 0.21-a0-271-ge7f0487 to 0.21-a0-273-g0785366
  5381 | Temple   | Became a worshipper of Yredelemnul the Dark
  5783 | D:4      | HP: 8/39 [centaur skeleton (3)]
  6264 | D:4      | Noticed xsansara's ghost (novice GrFi)
  6266 | D:4      | Noticed Menkaure
  6709 | D:4      | Reached XP level 6. HP: 46/46 MP: 11/11
  6715 | D:4      | Learned a level 4 spell: Throw Icicle
  6720 | D:4      | Learned a level 4 spell: Summon Ice Beast
  6730 | D:4      | Noticed Robin
  6955 | D:4      | Killed Robin
  7222 | D:4      | Reached skill level 3 in Fighting
  8053 | D:5      | Entered Level 5 of the Dungeon
  8133 | D:5      | Reached skill level 4 in Spellcasting
  8170 | D:5      | Reached skill level 2 in Conjurations
  8170 | D:5      | Reached XP level 7. HP: 23/52 MP: 9/13
  8177 | D:5      | HP: 13/52 [necrophage (5)]
  8270 | D:5      | Reached * piety under Yredelemnul
  8867 | D:5      | Reached skill level 4 in Stealth
  8867 | D:5      | Reached skill level 5 in Ice Magic
  8938 | D:5      | Identified the Compendium of the Lucky Escort
  9213 | D:5      | HP: 10/52 [ogre/giant club (14)]
  9241 | D:4      | HP: 6/52 [xsansara's ghost (7)]
  9551 | D:4      | Reached skill level 5 in Stealth
  9992 | D:5      | Reached skill level 3 in Conjurations
  9992 | D:5      | Reached XP level 8. HP: 43/58 MP: 11/15
 10139 | D:6      | Reached skill level 5 in Spellcasting
 10304 | D:6      | Reached skill level 4 in Fighting
 10304 | D:6      | Reached skill level 6 in Ice Magic
 10540 | D:6      | Found a glowing silver altar of Zin.
 10626 | D:6      | HP: 14/60 [centaur (6)]
 11778 | D:7      | Reached skill level 4 in Conjurations
 12200 | D:7      | Reached skill level 5 in Fighting
 12540 | D:7      | Reached XP level 9. HP: 63/68 MP: 14/16
 12646 | D:7      | Reached skill level 1 in Short Blades
 12709 | D:7      | Reached ** piety under Yredelemnul
 12767 | D:7      | Noticed a moth of wrath
 12770 | D:7      | Found a bloodstained altar of Trog.
 12895 | D:7      | Reached skill level 7 in Ice Magic
 12948 | D:7      | Reached skill level 2 in Short Blades
 13385 | D:7      | Learned a level 2 spell: Song of Slaying
 13418 | D:8      | Noticed Erica
 13445 | D:8      | Found a white marble altar of Elyvilon.
 13469 | D:8      | Reached skill level 3 in Short Blades
 14130 | D:7      | Reached skill level 4 in Short Blades
 14548 | D:8      | HP: 15/68 [Erica/orb of energy (32)]
 14549 | D:8      | Killed from afar by Erica

Vault maps used:
D:1:      nzn_arrival_water_spiral
D:2:      first_bread, minmay_cut_off, uniq_crazy_yiuf_cottage, uniq_terence
D:3:      uniq_sigmund, uniq_ijyb, uniq_jessica
D:4:      minmay_temple_entry_large_hall, uniq_menkaure, uniq_robin
D:6:      zin_scriptorium
D:7:      tgw_trog
D:8:      basic_altar, uniq_erica
Temple:   nicolae_temple_the_god_donut

Skill      XL: |  1  2  3  4  5  6  7  8  9 |
---------------+----------------------------+-----
Fighting       | 1 2 3 5 |  5.0
Spellcasting   | 3 4 5 |  5.1
Ice Magic      | 4 5 6 7 |  7.4
Conjurations   | 1 2 3 4 |  4.8
Stealth        | 5 |  5.0
Short Blades   | 4 |  4.3
Dodging        | |  2.1

Action                   |  1- 3 |  4- 6 |  7- 9 || total
-------------------------+-------+-------+-------++-------
Melee: Hand axe          |     8 |    15 |       ||    23
       Bite              |       |     6 |    25 ||    31
       Dagger            |       |    63 |   268 ||   331
       Unarmed           |       |       |    11 ||    11
 Fire: Hunting sling     |       |       |    12 ||    12
 Cast: Freeze            |    52 |    78 |    98 ||   228
       Throw Frost       |       |     8 |     7 ||    15
       Throw Icicle      |       |     1 |       ||     1
       Summon Ice Beast  |       |       |     1 ||     1
Invok: Animate Remains   |       |       |     4 ||     4
 Abil: End Transformatio |       |     1 |     4 ||     5
       Bat Form          |       |     1 |     4 ||     5
  Use: Potion            |     2 |    10 |    21 ||    33
       Scroll            |       |     5 |     3 ||     8
 Stab: Sleeping          |     1 |     4 |     9 ||    14
       Distracted        |       |     1 |       ||     1
Armor: Robe              |     8 |    24 |       ||    32
       Leather armour    |       |     2 |    97 ||    99
Dodge: Dodged            |    27 |    92 |   202 ||   321

Table legend:
 A = Spawn XP
 B = Non-spawn XP
 C = Spawn XP percentage of total XP
 D = Spawn monster count
 E = Non-spawn monster count
 F = Spawn count percentage of total count
 G = Total turns spent on level
                    A         B        C        D         E        F      G
               +---------+---------+-------+---------+---------+-------+---------
         Total |       0 |    4055 |   0.0 |       0 |     165 |   0.0 | 14549
               +---------+---------+-------+---------+---------+-------+---------
           D:1 |       0 |      34 |   0.0 |       0 |      16 |   0.0 |  1253
           D:2 |       0 |      80 |   0.0 |       0 |      16 |   0.0 |  1972
           D:3 |       0 |     151 |   0.0 |       0 |      19 |   0.0 |  3678
           D:4 |       0 |     417 |   0.0 |       0 |      32 |   0.0 |  1745
           D:5 |       0 |     760 |   0.0 |       0 |      19 |   0.0 |  1187
           D:6 |       0 |     976 |   0.0 |       0 |      22 |   0.0 |  1717
           D:7 |       0 |     901 |   0.0 |       0 |      27 |   0.0 |  1989
           D:8 |       0 |     736 |   0.0 |       0 |      14 |   0.0 |   758
               +---------+---------+-------+---------+---------+-------+---------

Table legend:
 A = Turns spent in this place as a percentage of turns spent in the entire game.
 B = Non-inter-level travel turns spent in this place as a percentage of non-inter-level travel turns spent in the entire game.
 C = Inter-level travel turns spent in this place as a percentage of turns spent in this place.
 D = Turns resting spent in this place as a percentage of non-inter-level travel turns spent in this place.
 E = Turns spent auto-exploring this place as a percentage of non-inter-level travel turns spent in this place.
 F = Non-inter-level travel turns spent in this place divided by the number of levels of this place that you've seen.
                   A       B       C       D       E      F
               +-------+-------+-------+-------+-------+----------------------
         Total | 100.0 | 100.0 |   3.9 |  54.8 |  26.6 | 1553.8
       Dungeon |  98.3 |  98.4 |   3.8 |  55.7 |  25.6 | 1719.8
        Temple |   1.7 |   1.6 |   9.6 |   0.0 |  90.3 | 226.0
               +-------+-------+-------+-------+-------+----------------------

Table legend:
 A = Kills in this place as a percentage of kills in entire the game.
 B = Kills by you in this place as a percentage of kills by you in the entire game.
 C = Kills by friends in this place as a percentage of kills by friends in the entire game.
 D = Other kills in this place as a percentage of other kills in the entire game.
 E = Experience gained in this place as a percentage of experience gained in the entire game.
 F = Experience gained in this place divided by the number of levels of this place that you have seen.
                   A       B       C       D       E      F
               +-------+-------+-------+-------+-------+----------------------
         Total | 100.0 | 100.0 | 100.0 |   N/A | 100.0 | 450.6
       Dungeon | 100.0 | 100.0 | 100.0 |   N/A | 100.0 | 506.9
               +-------+-------+-------+-------+-------+----------------------
